Map: Tokamak LE

Players

ShoWTimE - Winner!

  • Race: Protoss Protoss
  • League: Grandmaster
  • Spawn Location: 7:00

STZsOs (sOs)

  • Race: Protoss Protoss
  • League: Master
  • Spawn Location: 1:00

Event: HomeStory Cup XXVII

VOD

Have the link to the VOD?

Description

Time

  • Played on: June 29, 2025, 10:07 a.m.
  • Length: 20:13

All games in this series

Show
View Real Time Build Order
Export as new Build Order

ShoWTimE Protoss - Winner!

Build Orders: Phoenix Opening, Carriers, Mass Phoenix 

Get SALT Encoding   

  12  0:00  Probe  
  13  0:12  Probe  
  14  0:17  Pylon  
  14  0:23  Probe  
  15  0:31  Probe  
  16  0:36  Gateway  
  16  0:39  Probe  
  16  0:45  Assimilator  
  17  0:50  Probe  
  18  0:59  Probe  
  19  1:04  Assimilator  
  19  1:07  Probe  
  19  1:15  Pylon  
  19  1:17  Probe  
  21  1:29  Cybernetics Core, Probe  
  22  1:33  Zealot  
  24  1:41  Probe  
  25  1:53  Probe  
  26  2:05  Stargate  
  26  2:06  Adept  
  28  2:20  Nexus  
  28  2:27  Pylon  
  28  2:31  Probe  
  29  2:40  Phoenix  
  29  2:43  Probe  
  32  2:55  Probe  
  32  2:57  Phoenix  
  35  3:07  Probe  
  36  3:15  Phoenix  
  36  3:17  Assimilator  
  36  3:19  Probe  
  37  3:31  Probe  
  37  3:32  Probe  
  39  3:38  Stargate  
  39  3:43  Probe  
  39  3:44  Probe  
  39  3:45  Phoenix  
  41  3:55  Probe  
  41  3:56  Probe  
  41  4:02  Pylon  
  43  4:03  Phoenix  
  43  4:08  Probe x2  
  45  4:13  Assimilator  
  47  4:20  Probe x2  
  47  4:22  Phoenix  
  51  4:29  Phoenix  
  53  4:32  Probe  
  53  4:33  Probe  
  53  4:36  Pylon  
  55  4:38  Phoenix  
  55  4:44  Probe  
  56  4:46  Probe  
  59  4:54  Phoenix  
  59  4:56  Probe  
  59  4:59  Probe  
  63  5:04  Phoenix, Pylon  
  65  5:17  Probe  
  65  5:19  Phoenix  
  65  5:20  Pylon  
  68  5:28  Fleet Beacon  
  68  5:32  Phoenix  
  68  5:38  Phoenix  
  68  5:40  Pylon  
  70  5:52  Phoenix  
  70  5:53  Nexus  
  68  5:59  Anion Pulse-Crystals  
  68  6:01  Phoenix  
  67  6:13  Probe  
  68  6:19  Probe  
  68  6:25  Phoenix, Probe  
  71  6:31  Probe  
  73  6:37  Pylon, Assimilator  
  73  6:38  Phoenix, Probe  
  76  6:42  Assimilator  
  76  6:43  Probe  
  77  6:47  Pylon  
  77  6:48  Phoenix  
  77  6:50  Probe  
  80  6:55  Probe  
  80  6:56  Pylon  
  81  7:02  Probe  
  81  7:03  Phoenix  
  81  7:05  Phoenix, Probe  
  81  7:07  Probe  
  85  7:14  Probe  
  76  7:23  Phoenix  
  76  7:25  Probe  
  76  7:26  Probe  
  68  7:30  Phoenix, Shield Battery  
  68  7:35  Shield Battery  
  68  7:38  Shield Battery  
  68  7:41  Shield Battery  
  68  7:42  Stargate  
  68  7:43  Phoenix, Zealot  
  70  7:46  Phoenix  
  70  7:47  Probe x3  
  77  7:59  Probe  
  77  8:03  Mothership  
  77  8:05  Probe  
  80  8:08  Phoenix  
  80  8:11  Phoenix  
  81  8:19  Pylon  
  91  8:28  Probe  
  91  8:29  Phoenix  
  91  8:32  Pylon  
  91  8:34  Robotics Facility  
  94  8:35  Phoenix  
  96  8:42  Nexus  
  96  8:45  Pylon  
  96  8:48  Phoenix  
  98  8:51  Assimilator  
  98  8:54  Probe x2  
  100  8:57  Phoenix  
  100  9:00  Sentry  
  100  9:01  Phoenix  
  106  9:06  Probe x2  
  108  9:13  Phoenix  
  108  9:18  Observer, Probe x2  
  108  9:22  Phoenix  
  108  9:23  Probe  
  113  9:30  Phoenix, Probe  
  117  9:31  Probe  
  117  9:35  Protoss Air Weapons Level 1, Probe  
  117  9:38  Phoenix  
  121  9:42  Probe  
  121  9:43  Probe  
  123  9:46  Forge  
  123  9:47  Phoenix, Cybernetics Core, Probe  
  123  9:51  Phoenix  
  126  9:57  Phoenix  
  128  10:03  Observer  
  128  10:05  Assimilator  
  128  10:07  Probe x4  
  132  10:09  Phoenix  
  132  10:10  Phoenix  
  132  10:12  Phoenix  
  121  10:17  Probe  
  121  10:18  Phoenix  
  121  10:19  Probe x3  
  125  10:25  Probe  
  127  10:31  Probe x3, Protoss Air Armor Level 1  
  127  10:33  Probe  
  131  10:36  Phoenix  
  131  10:41  Pylon, Sentry  
  136  10:43  Probe x3  
  136  10:45  Probe  
  136  10:47  Phoenix, Pylon  
  136  10:48  Pylon  
  142  10:59  Phoenix  
  142  11:00  Phoenix  
  142  11:02  Probe, Photon Cannon  
  146  11:04  Phoenix, Probe, Photon Cannon  
  146  11:05  Photon Cannon  
  148  11:14  Phoenix  
  148  11:15  Protoss Shields Level 1  
  150  11:19  Pylon  
  150  11:23  Stargate  
  150  11:24  Phoenix  
  150  11:25  Stargate  
  152  11:29  Phoenix  
  152  11:30  Protoss Air Weapons Level 2  
  152  11:31  Probe  
  155  11:36  Nexus  
  155  11:45  Phoenix  
  157  11:49  Phoenix  
  159  11:55  Probe  
  159  11:56  Probe x2  
  159  11:58  Phoenix  
  159  11:59  Shield Battery, Photon Cannon  
  164  12:02  Twilight Council  
  164  12:09  Assimilator  
  164  12:11  Phoenix  
  164  12:13  Phoenix, Assimilator  
  168  12:15  Photon Cannon  
  168  12:18  Phoenix  
  168  12:19  Probe x2  
  168  12:22  Phoenix  
  172  12:24  Phoenix  
  172  12:27  Pylon  
  176  12:34  Protoss Air Armor Level 2  
  176  12:35  Pylon  
  176  12:36  Phoenix  
  178  12:38  Phoenix  
  178  12:43  Phoenix  
  180  12:46  Phoenix  
  180  12:49  Phoenix  
  186  12:59  Stargate  
  186  13:01  Phoenix  
  186  13:03  Phoenix  
  190  13:10  Phoenix  
  190  13:11  Phoenix  
  194  13:14  Phoenix  
  194  13:19  Nexus  
  196  13:20  Pylon  
  196  13:26  Phoenix  
  198  13:27  Assimilator  
  198  13:28  Phoenix  
  198  13:29  Assimilator  
  198  13:33  Protoss Shields Level 2  
  198  13:35  Phoenix  
  200  14:02  Phoenix  
  200  14:11  Phoenix  
  200  14:12  Phoenix  
  200  14:13  Phoenix  
  200  14:16  Phoenix  
  164  14:25  Phoenix  
  164  14:27  Phoenix  
  164  14:30  Sentry  
  156  14:35  Protoss Air Weapons Level 3  
  156  14:36  Phoenix  
  156  14:37  Phoenix, Probe  
  156  14:38  Phoenix, Probe x2  
  174  14:41  Phoenix, Photon Cannon  
  175  14:47  Mothership  
  175  14:49  Phoenix  
  175  14:52  Phoenix  
  163  15:00  Phoenix  
  163  15:01  Phoenix  
  163  15:02  Phoenix  
  163  15:03  Phoenix  
  163  15:05  Phoenix  
  151  15:17  Phoenix  
  151  15:21  Phoenix  
  153  15:23  Phoenix  
  153  15:26  Phoenix x2  
  153  15:27  Phoenix  
  155  15:39  Phoenix  
  139  15:45  Phoenix  
  139  15:47  Protoss Air Armor Level 3  
  131  15:50  Phoenix  
  131  15:52  Observer  
  131  15:56  Phoenix  
  132  15:59  Probe x3  
  132  16:00  Probe  
  132  16:01  Phoenix  
  132  16:04  Probe  
  139  16:05  Observer  
  139  16:06  Zealot  
  139  16:08  Protoss Shields Level 3  
  139  16:10  Phoenix  
  144  16:13  Nexus  
  144  16:14  Phoenix  
  144  16:15  Pylon  
  144  16:16  Phoenix  
  148  16:22  Phoenix x2  
  150  16:25  Phoenix  
  150  16:26  Assimilator  
  150  16:28  Assimilator  
  152  16:38  Phoenix  
  152  16:39  Phoenix x2  
  152  16:42  Phoenix  
  160  16:55  Nexus  
  160  16:58  Phoenix  
  162  17:03  Phoenix, Observer  
  162  17:04  Phoenix  
  162  17:05  Phoenix  
  166  17:12  Phoenix  
  166  17:15  Phoenix  
  166  17:16  Zealot  
  166  17:18  Pylon, Carrier  
  168  17:29  Carrier  
  174  17:31  Carrier  
  179  17:46  Carrier  
  183  17:52  Carrier  
  183  17:57  Carrier  
  189  18:00  Photon Cannon  
  189  18:02  Photon Cannon  
  189  18:04  Photon Cannon  
  195  18:06  Photon Cannon  
  195  18:08  Shield Battery  
  195  18:10  Shield Battery  
  195  18:13  Pylon  
  195  18:16  Pylon  
  195  18:25  Pylon  
  195  18:29  Phoenix  
  195  18:30  Phoenix  
  195  18:31  Assimilator  
  199  18:37  Observer  
  200  18:52  Stargate  
  200  18:54  Stargate  
  200  18:57  Stargate  
  200  18:59  Photon Cannon  
  200  19:06  Photon Cannon  
  200  19:07  Photon Cannon  
  200  19:09  Photon Cannon  
  200  19:11  Photon Cannon  
  200  19:13  Shield Battery  
  200  19:27  Nexus  
  196  19:35  Observer  
Show
View Real Time Build Order
Export as new Build Order

STZsOs Protoss 

Build Orders: Phoenix Opening, Carriers, Mass Phoenix 

Get SALT Encoding   

  12  0:00  Probe  
  13  0:12  Probe  
  14  0:17  Pylon  
  14  0:23  Probe  
  15  0:31  Probe  
  15  0:36  Gateway  
  15  0:40  Probe  
  16  0:46  Assimilator  
  17  0:51  Probe  
  18  0:59  Probe  
  18  1:00  Pylon  
  19  1:06  Assimilator  
  19  1:07  Probe  
  20  1:17  Probe  
  20  1:23  Cybernetics Core  
  21  1:29  Probe  
  21  1:31  Zealot  
  24  1:41  Probe  
  25  1:53  Probe  
  26  2:02  Stargate, Adept  
  28  2:24  Nexus  
  28  2:31  Pylon  
  28  2:35  Probe  
  29  2:45  Phoenix  
  29  2:49  Probe  
  32  3:03  Phoenix  
  32  3:05  Shield Battery  
  32  3:08  Probe  
  35  3:20  Probe  
  35  3:21  Phoenix  
  38  3:35  Stargate  
  38  3:36  Probe  
  38  3:37  Phoenix, Probe  
  40  3:42  Assimilator  
  42  3:51  Probe x2  
  44  3:56  Phoenix  
  44  4:03  Probe x2  
  44  4:05  Assimilator  
  48  4:14  Phoenix  
  50  4:24  Pylon  
  50  4:25  Phoenix  
  50  4:26  Probe x2  
  54  4:39  Phoenix  
  54  4:44  Phoenix  
  56  4:50  Probe  
  59  4:53  Pylon  
  59  5:01  Pylon  
  59  5:03  Phoenix  
  61  5:16  Phoenix  
  61  5:19  Phoenix  
  48  5:35  Phoenix  
  64  5:40  Probe x2  
  68  5:44  Phoenix  
  68  5:56  Phoenix  
  64  6:06  Phoenix  
  60  6:12  Probe x2  
  62  6:21  Phoenix  
  62  6:22  Stargate  
  62  6:24  Phoenix  
  64  6:26  Probe x2  
  64  6:29  Pylon  
  68  6:33  Nexus  
  68  6:43  Phoenix  
  68  6:46  Phoenix  
  70  6:48  Pylon  
  72  6:56  Probe x2  
  74  7:06  Phoenix  
  74  7:07  Phoenix  
  77  7:21  Phoenix  
  67  7:25  Probe x2  
  67  7:28  Phoenix  
  63  7:38  Phoenix  
  63  7:40  Probe x2  
  63  7:44  Zealot  
  63  7:45  Phoenix  
  63  7:46  Phoenix  
  63  7:50  Probe, Assimilator  
  70  7:52  Probe x2  
  74  8:01  Phoenix x2  
  74  8:02  Probe  
  74  8:04  Probe x2  
  79  8:12  Assimilator  
  81  8:13  Phoenix  
  81  8:14  Probe  
  81  8:19  Phoenix  
  86  8:31  Probe x3  
  86  8:32  Pylon  
  89  8:34  Forge  
  89  8:40  Phoenix x2  
  93  8:42  Pylon  
  93  8:49  Zealot  
  93  8:54  Phoenix  
  97  8:55  Assimilator  
  97  8:57  Fleet Beacon  
  97  9:07  Phoenix x2  
  101  9:11  Probe x3  
  104  9:24  Probe  
  104  9:29  Phoenix  
  107  9:32  Phoenix x2, Anion Pulse-Crystals  
  107  9:35  Pylon  
  111  9:44  Nexus  
  111  9:48  Assimilator  
  111  9:52  Assimilator  
  111  9:55  Phoenix  
  111  9:57  Phoenix  
  115  10:00  Phoenix  
  115  10:03  Photon Cannon  
  115  10:22  Shield Battery, Probe, Photon Cannon  
  115  10:24  Photon Cannon  
  115  10:25  Phoenix x3  
  115  10:27  Sentry  
  124  10:31  Shield Battery, Protoss Air Weapons Level 1  
  124  10:37  Mothership  
  124  10:39  Pylon  
  124  10:51  Pylon  
  132  11:00  Phoenix, Probe  
  132  11:01  Probe x2  
  132  11:02  Phoenix  
  139  11:06  Photon Cannon  
  139  11:09  Phoenix  
  139  11:10  Pylon  
  141  11:12  Pylon, Probe  
  142  11:24  Probe x2  
  142  11:25  Probe  
  145  11:26  Pylon  
  145  11:30  Phoenix x2, Robotics Facility  
  149  11:34  Phoenix  
  149  11:36  Probe  
  152  11:43  Probe x2  
  152  11:46  Photon Cannon  
  154  11:47  Shield Battery  
  154  11:48  Probe, Carrier  
  154  11:52  Carrier  
  155  11:55  Probe  
  155  12:01  Probe  
  157  12:02  Photon Cannon  
  169  12:15  Pylon, Carrier  
  169  12:16  Pylon  
  169  12:25  Pylon  
  169  12:29  Pylon  
  169  12:31  Photon Cannon  
  169  12:32  Protoss Air Weapons Level 2  
  169  12:35  Observer  
  174  12:41  Probe x4  
  178  12:49  Carrier x2  
  178  12:52  Photon Cannon  
  178  12:55  Observer  
  178  12:58  Pylon  
  179  13:05  Photon Cannon  
  191  13:06  Protoss Shields Level 1  
  191  13:08  Stargate  
  191  13:16  Shield Battery  
  191  13:30  Cybernetics Core  
  190  13:34  Carrier  
  190  13:35  Observer  
  191  13:46  Shield Battery  
  191  13:48  Shield Battery  
  197  13:52  Phoenix  
  193  14:13  Phoenix x2  
  183  14:20  Phoenix  
  173  14:26  Mothership  
  175  14:33  Nexus  
  175  14:38  Photon Cannon  
  175  14:40  Stargate  
  171  14:54  Phoenix x3, Protoss Air Armor Level 1  
  171  14:56  Phoenix  
  135  15:11  Phoenix x3  
  123  15:20  Probe x3  
  130  15:21  Phoenix  
  130  15:22  Assimilator  
  130  15:25  Phoenix  
  130  15:27  Assimilator  
  134  15:32  Probe x3  
  127  15:36  Phoenix x3  
  121  15:47  Protoss Air Weapons Level 3  
  115  15:59  Probe  
  115  16:00  Phoenix x3  
  118  16:05  Phoenix, Sentry  
  118  16:08  Phoenix  
  126  16:12  Carrier  
  126  16:13  Probe  
  126  16:17  Phoenix  
  126  16:21  Nexus  
  126  16:23  Phoenix x2, Pylon  
  126  16:28  Probe  
  137  16:33  Phoenix  
  139  16:40  Shield Battery, Photon Cannon  
  139  16:52  Phoenix x3  
  145  16:57  Probe, Photon Cannon  
  145  16:58  Phoenix  
  145  17:01  Photon Cannon  
  146  17:02  Shield Battery  
  146  17:03  Shield Battery  
  142  17:08  Photon Cannon  
  142  17:14  Phoenix  
  140  17:17  Phoenix x2  
  140  17:19  Phoenix  
  148  17:24  Phoenix  
  150  17:32  Phoenix  
  150  17:34  Phoenix  
  149  17:42  Phoenix  
  149  17:44  Phoenix  
  153  17:49  Phoenix, Photon Cannon  
  155  17:52  Assimilator  
  155  17:53  Phoenix  
  155  17:54  Observer, Assimilator  
  155  17:57  Phoenix  
  158  18:04  Shield Battery, Photon Cannon  
  160  18:08  Stargate  
  160  18:09  Carrier  
  160  18:10  Probe, Carrier  
  160  18:11  Probe  
  160  18:12  Probe x3, Photon Cannon  
  153  18:18  Probe  
  157  18:24  Probe x4, Carrier  
  168  18:33  Carrier  
  166  18:36  Probe x3  
  166  18:40  Carrier  
  163  18:48  Probe  
  176  18:49  Probe  
  176  18:53  Probe  
  184  19:07  Carrier  
  189  19:18  Probe  
  190  19:27  Pylon  
  190  19:28  Phoenix  
  190  19:29  Phoenix  
  188  19:36  Phoenix x2  
Tags
 
Add a new tag
Caveats
  • Supply blocks, unpowered buildings, or Contaminate may cause inaccurate times.
  • Supply counts are checked every 10 seconds.